AoeStats
← 859

African Clearing

510567344Analyzed
4v4 RM · 1d ago on Oct 1, 2026· 50m 45s· 8 players
Game mode
Random Map
Map size
Large (8 player)
Population
200
Speed
Normal
Resources
Standard
Victory
Conquest
Starting age
Dark Age
Ending age
Imperial Age
RankedLock teamsTeams togetherTeam positionsShared explorationLock speedFull tech treeHidden civsTurbo modeCheats
Victory
Defeat
🇨🇳 Italians · China
1441
+11
🇨🇳 Dravidians · China
1409
+12
🇨🇳 Persians · China
1273
+17
🇨🇳 Jurchens · China
1246
+18
🇩🇪 Huns · Germany
1349
-16
🇩🇪 Persians · Germany
1332
-15
🇭🇰 Dravidians · Hong Kong SAR China
1321
-15
🇹🇷 Mongols · Türkiye
1255
-12
antomich3
11:18 Loom
14:26 Feudal Age
15:05 Gold Mining
18:01 Castle Age
16:54 Double-Bit Axe
16:50 Horse Collar
17:06 Stone Mining
18:56 Bow Saw
22:08 Heavy Plow
27:41 Fletching
28:36 Bodkin Arrow
30:48 Ballistics
30:42 Bloodlines
30:35 Husbandry
32:42 Thumb Ring
32:43 Padded Archer Armor
36:39 Imperial Age
35:12 Leather Archer Armor
35:33 Scale Barding Armor
35:38 Forging
35:13 Light Cavalry
36:17 Marauders
37:01 Chain Barding Armor
39:09 Plate Barding Armor
40:28 Iron Casting
40:10 Bracer
41:33 Parthian Tactics
42:23 Conscription
43:40 Wheelbarrow
44:38 Blast Furnace
47:59 Chemistry
46:43 Hussar
stormgoing
4:28 Loom
13:40 Feudal Age
17:33 Castle Age
18:51 Wheelbarrow
18:26 Pikeman
24:06 Forging
29:17 Fletching
32:28 Horse Collar
32:43 Double-Bit Axe
36:17 Heavy Plow
37:01 Bow Saw
38:14 Hand Cart
38:47 Bodkin Arrow
38:53 Padded Archer Armor
38:21 Elite Skirmisher
39:57 Thumb Ring
40:48 Leather Archer Armor
40:53 Gold Mining
42:27 Ballistics
46:36 Imperial Age
45:08 Scale Mail Armor
45:43 Iron Casting
48:39 Imperial Age
davewood_blue
9:15 Loom
13:38 Feudal Age
14:50 Double-Bit Axe
16:29 Stone Mining
19:31 Castle Age
18:58 Bloodlines
24:14 Fletching
26:55 Scale Barding Armor
28:18 Chain Barding Armor
29:38 Husbandry
36:04 Wheelbarrow
40:01 Imperial Age
40:37 Hand Cart
41:27 Forging
44:17 Imperial Age
Rin
12:45 Feudal Age
13:35 Double-Bit Axe
15:44 Stone Mining
19:10 Castle Age
17:13 Gold Mining
20:21 Wheelbarrow
20:50 Fletching
25:35 Ballistics
25:33 Bow Saw
26:23 Loom
26:54 Padded Archer Armor
28:01 Bodkin Arrow
28:10 Town Watch
29:09 Husbandry
29:20 Horse Collar
31:41 Leather Archer Armor
32:54 Hand Cart
33:59 Bloodlines
36:46 Gold Shaft Mining
42:36 Imperial Age
42:47 Elite Mangudai
43:49 Conscription
44:08 Bracer
44:39 Capped Ram
48:47 Heavy Plow
49:05 Thumb Ring
49:03 Heavy Camel Rider
49:55 Scale Barding Armor
859
3:38 Loom
13:18 Feudal Age
18:23 Scale Barding Armor
18:29 Forging
18:43 Bloodlines
25:18 Castle Age
26:02 Wheelbarrow
26:28 Chain Barding Armor
26:28 Husbandry
32:06 Double-Bit Axe
39:33 Imperial Age
38:42 Gold Mining
40:02 Iron Casting
39:50 Bow Saw
39:23 Horse Collar
40:06 Hand Cart
39:57 Cavalier
41:29 Heavy Plow
41:57 Conscription
42:57 Gold Shaft Mining
42:01 Savar
43:36 Plate Barding Armor
44:29 Two-Man Saw
45:49 Blast Furnace
44:40 Fletching
45:18 Stone Mining
46:07 Crop Rotation
47:04 Town Watch
50:17 Stone Shaft Mining
49:47 Bodkin Arrow
860
14:11 Feudal Age
17:48 Castle Age
15:52 Double-Bit Axe
17:07 Horse Collar
19:10 Bow Saw
24:59 Fletching
26:32 Bodkin Arrow
27:50 Padded Archer Armor
28:13 Ballistics
29:04 Wheelbarrow
28:14 Town Watch
28:15 Loom
29:04 Leather Archer Armor
31:42 Husbandry
31:52 Bloodlines
32:11 Hand Cart
35:56 Imperial Age
33:49 Fortified Bastions
34:16 Stone Mining
34:16 Gold Mining
34:19 Light Cavalry
35:10 Arson
35:26 Squires
35:11 Gambesons
36:18 Scale Barding Armor
36:24 Forging
37:05 Conscription
36:15 Heavy Cavalry Archer
37:59 Chemistry
36:55 Murder Holes
37:09 Bracer
37:40 Ring Archer Armor
38:19 Stone Shaft Mining
38:20 Gold Shaft Mining
38:24 Heavy Plow
38:03 Hussar
42:08 Iron Casting
41:54 Chain Barding Armor
43:35 Siege Engineers
43:18 Elite Iron Pagoda
44:57 Plate Barding Armor
47:53 Blast Furnace
47:51 Capped Ram
民办大A
8:30 Loom
14:52 Feudal Age
18:47 Castle Age
17:15 Fletching
17:32 Double-Bit Axe
18:01 Padded Archer Armor
19:13 Crossbowman
19:50 Bodkin Arrow
26:27 Medium Warships
28:43 Wheelbarrow
31:04 Wheelbarrow
35:20 Imperial Age
34:14 Scale Mail Armor
34:25 Forging
35:28 Elite Skirmisher
36:10 Bracer
36:46 Thumb Ring
43:10 Hand Cart
46:37 Squires
45:57 Pikeman
45:58 Man-at-Arms
46:23 Gambesons
46:56 Chain Mail Armor
47:17 Iron Casting
47:37 Halberdier
50:56 Arson
50:32 Long Swordsman
51:45 Plate Mail Armor
52:16 Blast Furnace
51:29 Bow Saw
51:12 Gold Mining
51:13 Stone Mining
93老玩家回归
8:15 Loom
11:49 Feudal Age
14:00 Double-Bit Axe
17:41 Castle Age
15:25 Fishing Lines
18:52 Bow Saw
18:42 Gillnets
19:51 Wheelbarrow
25:36 Treadmill Crane
32:26 Imperial Age
29:45 Crossbowman
31:31 Hand Cart
31:02 Town Watch
31:21 Padded Archer Armor
31:12 Fletching
31:27 Scale Barding Armor
31:36 Forging
31:52 Ballistics
31:43 Masonry
31:39 Horse Collar
32:02 Gold Mining
32:06 Stone Mining
32:43 Thumb Ring
34:15 Chemistry
33:39 Conscription
33:24 Arbalester
34:23 Bodkin Arrow
35:34 Bracer
35:50 Leather Archer Armor
36:12 Iron Casting
35:58 Chain Barding Armor
38:10 Stone Shaft Mining
38:37 Ring Archer Armor
38:31 Bombard Tower
38:41 Architecture
38:07 Murder Holes
37:49 Elite Genoese Crossbowman
44:19 Plate Barding Armor
44:45 Blast Furnace
45:20 Coinage
48:00 Banking
Connection lost

Rejoining the realm…

Still unreachable

The connection could not be restored.

Session expired

The server has moved on; the page needs a fresh start.